 Dungeon Crawl Stone Soup version 0.31.0-11-ge490571c62 (webtiles) character file.

Game seed: 3992700236892813613

70709 Bobbunny the Fighter (level 14, -6/129 HPs)
             Began as a Demigod Shapeshifter on Jan 30, 2024.
             Mangled by a salamander (9 damage)
             ... on level 1 of the Snake Pit on Jan 31, 2024.
             The game lasted 00:46:46 (26066 turns).

Bobbunny the Fighter (Demigod Shapeshifter)        Turns: 26066, Time: 00:46:46

Health: -6/129     AC: 15    Str: 27    XL:     14   Next: 53%
Magic:  17/17      EV: 13    Int: 12    God:
Gold:   1030       SH:  0    Dex: 17    Spells: 13/13 levels left

rFire   . .          .
                       - Unarmed
rCold   . . .        (shield currently unavailable)
rNeg    + . .        k - +5 plate armour {ponderous}
rPois   +            (no helmet)
rElec   .            (no cloak)
rCorr   .            (gloves currently unavailable)
SInv    .            (no boots)
Will    +....        P - amulet of Veawn {RegenMP Rampage rPois rN+} Stlth
                     I - +4 ring of protection
HPRegen 0.41/turn    n - +5 ring of evasion
MPRegen 0.55/turn

%: rampage
@: lethally poisoned (-6 -> -8), blade hands, constricted, slow
A: high MP 1, forlorn, divine attributes
a: Begin Untransformation


You were on level 1 of the Snake Pit.
You had blades for hands.
You visited 3 branches of the dungeon, and saw 17 of its levels.

You collected 1162 gold pieces.
You spent 132 gold pieces at shops.

Inventory:

Missiles
 f - 20 poisoned darts
 E - 19 boomerangs (quivered)
 K - 4 atropa-tipped darts
Armour
 j - the +18 Lear's hauberk
   (You found it on level 11 of the Dungeon)
 k - a +5 plate armour of ponderousness (worn)
 l - a +1 pair of gloves
 u - an orb of light
 M - a +1 cloak
 Q - the +2 leather armour of Indemnity {rElec rF- Str+5}
   (You found it on level 5 of the Lair of Beasts)

   Str+5:     It affects your strength (+5).
   rF-:       It makes you vulnerable to fire.
   rElec:     It insulates you from electricity.
 U - a +2 hat
Jewellery
 n - a +5 ring of evasion (right blade hand)
 I - a +4 ring of protection (left blade hand)
 P - the amulet of Veawn (around neck) {RegenMP Rampage rPois rN+}
   (You found it on level 5 of the Lair of Beasts)

   [amulet of magic regeneration]

   RegenMP:   It increases your rate of magic regeneration.
   rPois:     It protects you from poison rN+: It protects you from negative
   energy.
   Rampage:   It bestows one free step when moving towards enemies.
Talismans
 d - a flux talisman
 g - a talisman of death
 h - a blade talisman (active)
 m - a serpent talisman
 s - a maw talisman
Wands
 o - a wand of digging (17)
 w - a wand of roots (8)
 A - a wand of flame (5)
 B - a wand of polymorph (14)
 L - a wand of mindburst (7)
Scrolls
 b - 2 scrolls of noise
 e - a scroll of fog
 i - a scroll of poison
 p - 4 scrolls of enchant armour
 v - a scroll of revelation
 y - 2 scrolls of fear
 C - 2 scrolls of teleportation
 F - a scroll of silence
 G - 3 scrolls of immolation
 J - 2 scrolls of blinking
 S - a scroll of identify
 T - a scroll of acquirement {unknown}
Potions
 c - a potion of lignification
 q - 2 potions of ambrosia
 t - 3 potions of attraction
 x - 3 potions of curing
 z - a potion of magic {unknown}
 D - 2 potions of brilliance
 H - a potion of haste
 N - a potion of might
 O - a potion of heal wounds
 R - a potion of resistance


   Skills:
 + Level 13.5 Fighting
 - Level 3.0 Throwing
 - Level 7.0 Armour
 - Level 7.0 Dodging
 + Level 12.8 Unarmed Combat
 - Level 0.8 Evocations
 + Level 12.6 Shapeshifting


You had 13 spell levels left.
You didn't know any spells.
Your spell library contained the following spells:

 Spells                   Type           Power      Damage    Failure   Level
 Necrotise                Necr           0%         1d4       98%         1
 Slow                     Hex            0%         N/A       98%         1
 Sting                    Conj/Alch      0%         1d3       98%         1
 Call Imp                 Summ           0%         N/A       99%         2
 Jinxbite                 Hex            0%         N/A       99%         2
 Mercury Vapours          Alch/Air       0%         N/A       99%         2
 Sublimation of Blood     Necr           0%         N/A       99%         2
 Call Canine Familiar     Summ           0%         N/A       100%        3
 Confusing Touch          Hex            0%         N/A       100%        3
 Dazzling Flash           Conj/Hex       0%         N/A       100%        3
 Frozen Ramparts          Ice            0%         1d1       100%        3
 Mephitic Cloud           Conj/Alch/Air  0%         N/A       100%        3
 Ozocubu's Armour         Ice            0%         N/A       100%        3
 Sigil of Binding         Hex            0%         N/A       100%        3
 Stone Arrow              Conj/Erth      0%         3d7       100%        3
 Vampiric Draining        Necr           0%         2d6       100%        3
 Anguish                  Hex/Necr       0%         N/A       100%        4
 Animate Armour           Summ/Erth      0%         N/A       100%        4
 Dimensional Bullseye     Hex/Tloc       0%         N/A       100%        4
 Leda's Liquefaction      Alch/Erth      0%         N/A       100%        4
 Martyr's Knell           Necr/Summ      0%         N/A       100%        4
 Olgreb's Toxic Radiance  Alch           0%         N/A       100%        4
 Petrify                  Alch/Erth      0%         N/A       100%        4
 Curse of Agony           Necr           0%         N/A       100%        5
 Metabolic Englaciation   Hex/Ice        0%         N/A       100%        5
 Silence                  Hex/Air        0%         N/A       100%        5
 Sculpt Simulacrum        Ice/Alch       0%         N/A       100%        6
 Summon Hydra             Summ           0%         N/A       100%        7
 Discord                  Hex            0%         N/A       100%        8
 Lehudib's Crystal Spear  Conj/Erth      0%         10d2      100%        8


Dungeon Overview and Level Annotations

Branches:
Dungeon (11/15)            Temple (0/1) D:6            Lair (5/5) D:10
 Shoals (0/4) Lair:3        Snake (1/4) Lair:2        Slime (0/5) Lair:5
    Orc: D:9-12

Shops:
D:2 *   D:8 (=*   D:11 :

Portals:
Trove: D:10 (give 10 potions of heal wounds)

Annotations:
D:2 Natasha
D:6 Dowan
D:10 2 runed translucent doors, MollyMolluskus's ghost, journeyman OpFi


Innate Abilities, Weirdness & Mutations

You have blades for hands.
You are incapable of wielding weapons or throwing items.
You have an increased reservoir of magic. (+10% MP)
You shall have no god before yourself.
Your divine heritage dramatically boosts your attributes as you level up.


Message History

You closely miss the salamander.
You feel sick.
You closely miss the salamander.
You feel sick. The naga completely misses you.
The naga hits you with a +0 scimitar! The naga barely misses you.
The salamander hits you but does no damage.
You closely miss the naga mage.
The naga mage is moderately wounded.
You feel sick. The naga misses you. The naga closely misses you.
The naga misses you.
You hit the naga mage. Your slash misses the naga mage.
The naga mage is heavily wounded.
You feel sick. The naga mage hits you with a +0 spear.
The naga mage closely misses you. The naga spits poison at you.
The splash of poison misses you. The naga hits you with a +0 scimitar!
The naga grabs you. The naga constricts you.
The salamander hits you but does no damage.
You shred the naga mage!!!
You kill the naga mage!
You feel sick. The naga spits poison at you. The splash of poison hits you.
You resist. The naga constricts you. The naga misses you.
The salamander hits you!
You are engulfed in flames!
You barely miss the salamander. You slash the salamander.
The salamander is lightly wounded.
You feel sick.
You slash the salamander! x2
The salamander is heavily wounded.
The naga hits you from afar with a +0 trident.
The naga hits you with a +0 scimitar!!
* * * LOW HITPOINT WARNING * * *
The naga constricts you.
The salamander hits you but does no damage.
You barely miss the salamander.
The salamander is heavily wounded.
You feel sick. The naga hits you with a +0 scimitar!
* * * LOW HITPOINT WARNING * * *
The naga constricts you. The naga barely misses you. The salamander hits you.
* * * LOW HITPOINT WARNING * * *
You are engulfed in flames!
You die...

##.........
##...........
##............
###..............
##................
.................
.......).........
#.N.@.........
##..NN.........
#.)..........#
##.....<.....##
##..........###
##.......).###
##.......).##
#....###..##
#.....## #..#


You could see a salamander and 2 nagas.

Vanquished Creatures
  Rupert (Lair:5)
  A vault guard (D:10)
  5 hydras
  4 two-headed ogres
  A naga warrior (Snake:1)
  4 catoblepae (Lair:5)
  22 death yaks
  A tengu warrior (D:11)
  A naga sharpshooter (Snake:1)
  3 skysharks
  A naga ritualist (Lair:2)
  A deep elf zephyrmancer (D:10)
  2 manticores (Lair:5)
  3 salamanders (Lair:2)
  20 elephants
  2 black mambas
  A torpor snail (Lair:4)
  10 cane toads
  2 naga magi
  An unseen horror (D:11)
  13 komodo dragons
  3 rime drakes
  3 trolls
  2 polar bears
  4 dream sheep (Lair:4)
  A hornet (D:9)
  16 blink frogs
  3 wraiths
  6 wyverns
  64 yaks
  4 steam dragons
  4 basilisks
  7 nagas
  An acid dragon (D:10)
  16 water moccasins
  A hornet zombie (D:8)
  3 ice beasts
  5 orc warriors
  A sky beast (D:7)
  4 black bears
  26 wolves
  4 ogres
  A centaur (Lair:5)
  2 kobold brigands
  10 bullfrogs
  4 scorpions
  11 wights
  26 killer bees
  6 electric eels
  5 howler monkeys
  A centaur zombie (D:8)
  A bombardier beetle (D:5)
  6 jellies
  6 orc priests
  2 gnoll boudas
  10 hounds
  A human zombie (D:8)
  A sleepcap (D:6)
  Natasha (twice) (D:2)
  9 orc wizards
  5 mummies (D:8)
  Robin (D:2)
  A howler monkey zombie (D:8)
  9 gnolls
  3 adders
  A white imp (D:6)
  6 ufetubi
  2 ribbon worms
  37 orcs
  3 endoplasms
  A giant cockroach (D:2)
  16 goblins
  8 hobgoblins
  4 jackals (D:2)
  3 quokkas
  A ball python (D:4)
  5 bats
  2 frilled lizards (D:3)
  10 kobolds
  3 rats
502 creatures vanquished.

Vanquished Creatures (others)
  A goblin (D:2)
  2 kobolds (D:8)
3 creatures vanquished.

Grand Total: 505 creatures vanquished

Notes
Turn   | Place    | Note
-------+----------+-------------------------------------------
     0 | D:1      | Bobbunny the Demigod Shapeshifter began the quest for the
                  | Orb.
     0 | D:1      | Reached XP level 1. HP: 15/15 MP: 3/3
   126 | D:1      | Reached skill level 1 in Fighting
   883 | D:2      | Reached XP level 2. HP: 9/23 MP: 4/4
  1064 | D:2      | Noticed Robin
  1107 | D:2      | Killed Robin
  1108 | D:2      | Reached XP level 3. HP: 6/29 MP: 5/5
  1512 | D:2      | Noticed Natasha
  1519 | D:2      | Killed Natasha
  1520 | D:2      | Reached skill level 2 in Fighting
  1634 | D:2      | Found Opeutaili's Assorted Antiques.
  1641 | D:2      | Bought a scroll labelled UTAOGY NENOKK for 19 gold pieces
  1641 | D:2      | Bought a scroll labelled OTOROA IHIUCLE for 19 gold pieces
  1641 | D:2      | Bought a scroll labelled UNOESU WOWEXIYPI for 19 gold
                  | pieces
  1641 | D:2      | Bought a scroll labelled VADWINYINA for 19 gold pieces
  1731 | D:2      | Noticed Natasha
  1743 | D:2      | Killed Natasha
  1744 | D:2      | Reached XP level 4. HP: 24/37 MP: 6/6
  1927 | D:2      | Noticed Natasha
  2164 | D:3      | You fall into a shaft and drop 3 floors!
  2254 | D:6      | Noticed a kobold brigand
  2311 | D:5      | Entered Level 5 of the Dungeon
  2426 | D:4      | Reached XP level 5. HP: 24/42 MP: 7/7
  2916 | D:3      | Reached skill level 3 in Fighting
  3686 | D:4      | Noticed an ogre
  3696 | D:4      | Killed an ogre
  3697 | D:4      | Reached XP level 6. HP: 51/51 MP: 8/8
  4232 | D:5      | Reached skill level 4 in Fighting
  4320 | D:5      | Reached XP level 7. HP: 58/59 MP: 9/9
  4482 | D:5      | Reached skill level 5 in Unarmed Combat
  4967 | D:5      | Reached skill level 5 in Shapeshifting
  5599 | D:6      | Paralysed by a kobold for 3 turns
  5615 | D:6      | Paralysed by a kobold for 5 turns
  5632 | D:6      | Reached skill level 5 in Fighting
  6237 | D:6      | Found a staircase to the Ecumenical Temple.
  6258 | D:6      | Reached XP level 8. HP: 59/68 MP: 10/10
  6398 | D:6      | Noticed Dowan
  7194 | D:7      | Reached skill level 6 in Fighting
  7700 | D:7      | Reached XP level 9. HP: 66/78 MP: 11/11
  8619 | D:8      | Reached skill level 7 in Fighting
  8694 | D:8      | Found Gamukiam's Weapon Shoppe.
  9120 | D:8      | Found Repylulo's Jewellery Shop.
  9326 | D:8      | Found Geq Ihoq's General Store.
  9329 | D:8      | Bought a scroll of identify for 28 gold pieces
  9329 | D:8      | Bought a scroll of identify for 28 gold pieces
  9766 | D:8      | Noticed a two-headed ogre
  9778 | D:8      | Killed a two-headed ogre
  9779 | D:8      | Reached skill level 8 in Fighting
  9779 | D:8      | Reached XP level 10. HP: 85/88 MP: 13/13
 11112 | D:10     | Entered Level 10 of the Dungeon
 11162 | D:10     | Noticed a two-headed ogre
 11170 | D:10     | Killed a two-headed ogre
 11192 | D:10     | Found a runed translucent door.
 11233 | D:10     | Noticed a necromancer
 11233 | D:10     | an ice beast changed into a meliai
 11233 | D:10     | Noticed a meliai (shapeshifter)
 11233 | D:10     | Noticed an eight-headed hydra
 11233 | D:10     | Noticed a lich
 11233 | D:10     | Noticed an orc knight
 11234 | D:10     | Noticed MollyMolluskus's ghost (journeyman OpFi)
 11235 | D:10     | Noticed a skeletal warrior
 11430 | D:10     | Reached skill level 9 in Fighting
 11470 | D:10     | Noticed a vault guard
 11485 | D:10     | Killed a vault guard
 11651 | D:10     | Found a portal to a secret trove of treasure.
 11750 | D:10     | Noticed a two-headed ogre
 11759 | D:10     | Killed a two-headed ogre
 12612 | D:10     | Found a staircase to the Lair.
 12829 | D:10     | Reached XP level 11. HP: 44/97 MP: 14/14
 13204 | D:10     | Found a runed translucent door.
 13208 | D:10     | Noticed a skeletal warrior
 13290 | D:10     | Noticed a deep elf zephyrmancer
 13461 | D:10     | Killed a deep elf zephyrmancer
 13577 | D:10     | Got the Precepts of the Curse
 14404 | Lair:1   | Entered Level 1 of the Lair of Beasts
 14412 | Lair:1   | Reached skill level 10 in Unarmed Combat
 14851 | Lair:1   | Reached skill level 10 in Fighting
 15046 | Lair:1   | You fall into a shaft and drop 1 floor!
 15775 | Lair:2   | Reached skill level 10 in Shapeshifting
 16898 | Lair:1   | Reached skill level 11 in Fighting
 17046 | Lair:1   | Reached skill level 1 in Armour
 17046 | Lair:1   | Reached XP level 12. HP: 16/110 MP: 15/15
 18327 | Lair:2   | Noticed an eight-headed hydra
 18349 | Lair:2   | Killed an eight-headed hydra
 18779 | Lair:2   | Found a staircase to the Snake Pit.
 19717 | Lair:3   | Found a staircase to the Shoals.
 20131 | Lair:4   | Noticed a four-headed hydra
 20139 | Lair:4   | Killed a four-headed hydra
 20558 | Lair:3   | Reached skill level 5 in Dodging
 20565 | Lair:3   | Reached skill level 12 in Fighting
 20800 | Lair:4   | Reached XP level 13. HP: 73/118 MP: 16/16
 20898 | Lair:4   | Reached skill level 5 in Armour
 21532 | Lair:5   | Entered Level 5 of the Lair of Beasts
 21536 | Lair:5   | Reached skill level 1 in Throwing
 22146 | Lair:5   | Noticed Rupert
 22169 | Lair:5   | Paralysed by Rupert for 3 turns
 22173 | Lair:5   | Killed Rupert
 22720 | Lair:5   | Reached skill level 13 in Fighting
 22764 | Lair:5   | Found a staircase to the Slime Pits.
 22922 | Lair:5   | Reached XP level 14. HP: 68/129 MP: 17/17
 23453 | Lair:5   | Identified the amulet of Veawn {RegenMP Rampage rPois rN+}
 23512 | Lair:5   | Identified the +2 leather armour of Indemnity {rElec rF-
                  | Str+5}
 24021 | D:11     | Found the +18 Lear's hauberk
 24032 | D:11     | Got the -2 helmet "Amahu" {Dex+6}
 24272 | D:11     | Found Paty's Book Emporium.
 24821 | Snake:1  | Entered Level 1 of the Snake Pit
 26066 | Snake:1  | HP: 4/129 [naga/+0 scimitar (15)]
 26066 | Snake:1  | Mangled by a salamander

Illustrated notes

Levels and vault maps discovered:
D:1:      dpeg_arrival_refuge, layout_loops_cross,
          hellmonk_ecumenical_altar_zigzags, solitary_fountain
D:2:      wander_river, layout_loops_corners, serial_shops, shop_statue,
          basic_altar, uniq_natasha, uniq_robin
D:3:      layout_loops_ring, nicolae_overflow_hidden_temple, nrook_campfire
D:4:      layout_basic
D:5:      layout_loops_ring, regret_index_xom_buried_treasure
D:6:      layout_basic, minmay_temple_entry_junction_2, uniq_duvessa
D:7:      layout_gridville, eat_drink_and_be_merry_uskayaw, enter_bailey_5,
          minmay_misc_feat_chi, minmay_increasing_density
D:8:      cheibrodos_steamvent, layout_gridville,
          lemuel_mausoleum_altar_yredelemnul, serial_shops,
          nicolae_shop_tiny_statue_garden, shop, kennysheep_mini
D:9:      layout_small_grid, nicolae_ru_sacrificial_ziggurat
D:10:     layout_long_grid, mainiacjoe_overflow_paths,
          nicolae_ashenzari_panopticon, erik_lair_island, enter_trove_5,
          muffindrake_ghost_dual_entry, guppyfry_early_elven_hall
D:11:     layout_cave_pools, serial_shops, nicolae_shop_statue_plus,
          hellmonk_guarded_unrand_lears
Lair:1:   layout_gridlike, serial_bayou, serial_bayou_shore_a,
          serial_bayou_ford_a, serial_bayou_pond_a, serial_bayou_shore_b,
          serial_bayou_pond_a, grunt_megastairs_1
Lair:2:   layout_cave_pods, alex1729_snake_entry_snake, serial_rivers,
          chequers_serial_rivers_small_a, chequers_serial_rivers_micro_b,
          chequers_serial_rivers_room_b, chequers_serial_rivers_micro_b,
          chequers_serial_rivers_small_3, infiniplex_staircase_pool_2
Lair:3:   layout_cave_pods, elwin_shoals_entry_rocks
Lair:4:   layout_regular_city, chequers_serial_rivers_micro_a
Lair:5:   evilmike_catoblepas_cave, layout_cave_pods,
          nicolae_slime_entry_field_trip, grunt_forest_large_clearings,
          uniq_rupert
Snake:1:  layout_onion

Skill      XL: |  1  2  3  4  5  6  7  8  9 10 11 12 13 14 |
---------------+-------------------------------------------+-----
Fighting       | 1 2 3 4 5 6 8 9 11 12 13 | 13.5
Unarmed Combat | 3 4 5 7 8 9 11 12 | 12.8
Shapeshifting  | 3 4 5 6 7 9 10 11 12 | 12.6
Dodging        | 2 5 6 7 |  7.0
Armour         | 1 4 6 7 |  7.0
Throwing       | 3 |  3.0
Evocations     | |  0.8

Action                     |  1- 3 |  4- 6 |  7- 9 | 10-12 | 13-15 || total
---------------------------+-------+-------+-------+-------+-------++-------
  Melee: Unarmed           |   112 |   179 |   414 |   556 |   492 ||  1753
         Punch             |     3 |     3 |    15 |    53 |    40 ||   114
  Throw: Dart              |       |    14 |    14 |    33 |       ||    61
         Boomerang         |       |       |     9 |    56 |       ||    65
  Evoke: Wand              |       |     5 |     3 |    16 |     8 ||    32
    Use: Scroll            |     1 |     6 |     6 |    10 |     3 ||    26
         Potion            |     1 |     2 |     1 |     5 |     1 ||    10
   Stab: Paralysed         |       |     6 |    15 |     2 |       ||    23
 Armour: Leather armour    |    20 |       |    14 |       |       ||    34
         Animal skin       |     1 |       |       |       |       ||     1
         Ring mail         |    44 |    34 |       |       |       ||    78
         Skin              |       |    35 |       |    71 |       ||   106
         Chain mail        |       |    70 |    95 |       |       ||   165
         Plate armour      |       |       |   266 |   525 |   436 ||  1227
  Dodge: Dodged            |    59 |    64 |   129 |   234 |   372 ||   858
   Form: Beast             |       |       |     1 |       |       ||     1
         Flux              |       |       |     1 |       |       ||     1
         Blade             |       |       |       |     1 |     1 ||     2
         Maw               |       |       |       |       |     1 ||     1
